 Dungeon Crawl Stone Soup version 0.20-a0-792-g09bcfd3 (webtiles) character file.

2662 4thArraOfDagon the Martial Artist (level 9, -6/74 HPs)
             Began as a Pale Draconian Ice Elementalist on Feb 28, 2017.
             Was a High Priest of Lugonu.
             Mangled by an unseen horror (10 damage)
             ... on level 12 of the Dungeon.
             The game lasted 00:21:43 (4376 turns).

4thArraOfDagon the Martial Artist (DrIE)            Turns: 4376, Time: 00:21:44

Health: -6/74      AC:  8    Str: 11      XL:     9   Next: 36%
Magic:  12/12      EV: 13    Int: 16      God:    Lugonu [*****.]
Gold:   424        SH:  0    Dex:  8 (10) Spells: 11/12 levels left

rFire    . . .     SeeInvis .     - Unarmed
rCold    . . .     Gourm    .   (armour unavailable)
rNeg     . . .     Faith    .   (no shield)
rPois    .         Spirit   .   B - +1 hat
rElec    .         Reflect  .   (no cloak)
rCorr    .         Harm     .   (no gloves)
MR       .....     Clarity  +   (no boots)
Stlth    ++........             (no amulet)
Regen    0.3/turn               (no ring)
MPRegen  0.2/turn               (no ring)

@: barbed spikes
A: breathe steam, unfitting armour, clarity, clumsy 1, dopey 1, cold-blooded, AC
+7
a: Breathe Steam, Depart the Abyss, Bend Space, Banish, Corrupt, Enter the
Abyss, Renounce Religion


You were on level 12 of the Dungeon.
You worshipped Lugonu.
Lugonu was extremely pleased with you.
You were not hungry.

You visited 1 branch of the dungeon, and saw 12 of its levels.
You also visited: Ossuary.

You collected 424 gold pieces.

Inventory:

Hand Weapons
 h - a cursed -2 whip
 j - a +0 blowgun
Missiles
 n - 43 poisoned needles
Armour
 i - a +2 buckler
 u - a +2 shield
 B - a +1 hat (worn)
Magical Staves
 m - an uncursed staff of air {unknown}
Jewellery
 s - an uncursed ring of ice
Wands
 y - a wand of digging (1/24)
Scrolls
 c - 2 scrolls of fog
 d - a scroll of amnesia
 e - a scroll of enchant weapon
 f - a scroll of blinking
 g - 3 scrolls of identify
 k - 7 scrolls of remove curse
 l - 3 scrolls of magic mapping
 q - a scroll of teleportation
 w - a scroll of random uselessness
Potions
 o - a potion of might
 p - a potion of invisibility
 t - 2 potions of curing
 v - a potion of brilliance
 x - a potion of lignification
 A - 2 potions of flight
Books
 a - a book of Frost

   Spells                             Type                      Level
   a - Freeze                         Ice                          1
   b - Throw Frost                    Conjuration/Ice              2
   c - Ozocubu's Armour               Charms/Ice                   3
   d - Throw Icicle                   Conjuration/Ice              4
   e - Summon Ice Beast               Ice/Summoning                4
Comestibles
 b - 4 bread rations
 r - 3 meat rations


   Skills:
 + Level 5.5 Fighting
 + Level 5.0 Dodging
 - Level 1.7 Stealth
 * Level 9.1 Unarmed Combat
 - Level 2.0 Spellcasting
   Level 1.0 Conjurations
 - Level 3.0 Ice Magic
 + Level 5.2 Invocations


You had 11 spell levels left.
You knew the following spells:

 Your Spells              Type           Power        Failure   Level  Hunger
a - Freeze                Ice            ##..         8%          1    #......


Dungeon Overview and Level Annotations

Branches:
Dungeon (12/15)            Temple (0/1) D:6             Orc (0/2) D:10
   Lair: D:8-11

Altars:
Dithmenos
Elyvilon
Fedhas
Gozag
Makhleb
Okawaru
Trog
Uskayaw
Vehumet
Xom
Yredelemnul
Beogh
Lugonu

Shops:
D:6 :==(:

Annotations:
D:6 exclusion: upstairs, Eustachio, Grinder
D:8 Gastronok, Grum


Innate Abilities, Weirdness & Mutations

You can breathe blasts of scalding, opaque steam.
Your pale cyan-grey scales are hard. (AC +7)
You cannot fit into any form of body armour.
You are cold-blooded and may be slowed by cold attacks.
You possess an exceptional clarity of mind.
You are clumsy. (Dex -2)
You are dopey. (Int -2)


Message History

There is a stone staircase leading down here.
Unknown command.
Something hits you.
* * * LOW HITPOINT WARNING * * *
The manticore flicks its tail.
The volley of spikes hits you!
The barbed spikes become lodged in your body.
* * * LOW HITPOINT WARNING * * *
You climb downwards.
Found a grey potion and a spiked ring mail.
There is a stone staircase leading up here.
Something hits you.
* * * LOW HITPOINT WARNING * * *
Something hits you but does no damage.
You feel better. Something hits you!
* * * LOW HITPOINT WARNING * * *
Something hits you.
* * * LOW HITPOINT WARNING * * *
Something hits you!
You die...

!. .# .# # .#
#. .# .# ##.#
.##....
##...#.......
#....@#
..............#
.##.....###.###
##...## ##.# #.
#. [.


There were no monsters in sight!

Vanquished Creatures
  Sigmund (D:6)
  3 yaks (D:10)
  5 orc warriors (D:9)
  A black bear (D:6)
  An ogre (D:11)
  A centaur (D:10)
  A big kobold (D:7)
  4 bullfrogs
  3 scorpions
  4 howler monkeys
  2 jellies
  2 crimson imps
  A centaur zombie (D:6)
  2 hounds
  An orc priest (D:9)
  3 orc wizards (D:7)
  An iguana (D:4)
  4 worker ants
  2 hound zombies
  A mummy (Ossuary)
  10 adders
  2 oozes
  An adder zombie (D:5)
  2 adder skeletons
  A dart slug (D:1)
  3 leopard geckos
  30 orcs
  A giant cockroach (D:4)
  4 goblins
  4 hobgoblins
  8 jackals
  2 quokkas
  5 bats
  A frilled lizard (D:2)
  7 gnoll skeletons (Ossuary)
  7 kobolds (D:7)
  6 kobold skeletons (Ossuary)
  12 orc skeletons (Ossuary)
  5 rats
154 creatures vanquished.

Vanquished Creatures (others)
  A bat (D:2)
1 creature vanquished.

Grand Total: 155 creatures vanquished

Notes
Turn   | Place    | Note
-------+----------+-------------------------------------------
     0 | D:1      | 4thArraOfDagon the Draconian Ice Elementalist began the quest for the Orb.
     0 | D:1      | Reached XP level 1. HP: 14/14 MP: 3/3
    13 | D:1      | Reached skill level 1 in Unarmed Combat
    56 | D:1      | Reached XP level 2. HP: 4/20 MP: 0/5
   151 | D:2      | Reached skill level 2 in Unarmed Combat
   247 | D:2      | Found an opulent altar of Gozag.
   251 | D:2      | Reached XP level 3. HP: 24/26 MP: 4/6
   295 | D:2      | Found a white marble altar of Elyvilon.
   331 | D:2      | Found a burning altar of Makhleb.
   451 | D:3      | Reached skill level 3 in Unarmed Combat
   478 | D:3      | Noticed a scorpion
   491 | D:3      | Gained mutation: Your body sometimes deteriorates upon taking damage. [potion of mutation]
   491 | D:3      | Gained mutation: You are agile. (Dex +2) [potion of mutation]
   495 | D:3      | Killed a scorpion
   495 | D:3      | Reached skill level 4 in Unarmed Combat
   495 | D:3      | Reached XP level 4. HP: 13/33 MP: 0/7
   594 | D:4      | Found a hide-covered altar of Uskayaw.
   646 | D:3      | Found a faded altar of an unknown god.
   664 | D:3      | hmm
   664 | D:3      | let try
   676 | D:3      | Became a worshipper of Lugonu the Unformed
   676 | D:3      | Reached * piety under Lugonu
   676 | D:3      | Reached ** piety under Lugonu
   780 | D:4      | Reached XP level 5. HP: 31/38 MP: 3/8
   977 | D:5      | Entered Level 5 of the Dungeon
   981 | D:5      | Reached skill level 5 in Unarmed Combat
  1079 | D:6      | Found a staircase to the Ecumenical Temple.
  1081 | D:6      | Noticed Sigmund
  1089 | D:6      | Noticed Grinder
  1150 | D:5      | Reached skill level 1 in Fighting
  1236 | D:5      | Reached skill level 1 in Invocations
  1236 | D:5      | Reached XP level 6. HP: 17/47 MP: 3/9
  1261 | D:6      | Found Quodi's Book Emporium.
  1312 | D:7      | Reached *** piety under Lugonu
  1314 | D:7      | HP: 2/48 [poisoned by a kobold]
  1355 | D:7      | Noticed an orc warrior
  1386 | D:6      | Found Rirogh's Antique Weapon Shoppe.
  1388 | D:6      | Noticed Eustachio
  1400 | D:6      | Found Ziaff's Jewellery Shoppe.
  1409 | D:6      | Found a sand-covered staircase.
  1415 | Ossuary  | Entered an ossuary
  1415 | Ossuary  | Noticed a wraith
  1415 | Ossuary  | Noticed a wraith
  1415 | Ossuary  | Noticed a wraith
  2015 | Ossuary  | Noticed a wraith
  2206 | D:6      | Found a bloodstained altar of Trog.
  2214 | D:6      | Found Qionail's Book Emporium.
  2233 | D:6      | Reached skill level 6 in Unarmed Combat
  2645 | D:6      | Found a blossoming altar of Fedhas.
  2645 | D:6      | Found a basalt altar of Yredelemnul.
  2645 | D:6      | Found a shimmering altar of Xom.
  2645 | D:6      | Found a radiant altar of Vehumet.
  2658 | D:6      | Paralysed by Grinder for 6 turns
  2842 | D:7      | Your scales start taking on a pale cyan-grey colour.
  2842 | D:7      | Reached XP level 7. HP: 42/56 MP: 10/10
  2876 | D:7      | Found an iron altar of Okawaru.
  2910 | D:7      | Found a shadowy altar of Dithmenos.
  3108 | D:6      | Found Equdol's Jewellery Shoppe.
  3134 | D:6      | Killed Sigmund
  3150 | D:6      | Reached **** piety under Lugonu
  3154 | D:6      | Reached skill level 7 in Unarmed Combat
  3362 | D:8      | Noticed Gastronok
  3377 | D:9      | Reached XP level 8. HP: 37/63 MP: 11/11
  3478 | D:8      | Noticed Grum
  3770 | D:9      | Found a roughly hewn altar of Beogh.
  3791 | D:9      | Reached skill level 8 in Unarmed Combat
  3930 | D:10     | Entered Level 10 of the Dungeon
  3999 | D:10     | Reached skill level 5 in Fighting
  4091 | D:10     | Reached XP level 9. HP: 36/74 MP: 12/12
  4130 | D:10     | Reached skill level 5 in Invocations
  4142 | D:10     | Found a staircase to the Orcish Mines.
  4144 | D:10     | Lost mutation: You are agile. (Dex +2) [potion of mutation]
  4144 | D:10     | Lost mutation: Your body sometimes deteriorates upon taking damage. [potion of mutation]
  4144 | D:10     | Gained mutation: You are dopey. (Int -2) [potion of mutation]
  4144 | D:10     | Gained mutation: You are clumsy. (Dex -2) [potion of mutation]
  4144 | D:10     | Gained mutation: You possess an exceptional clarity of mind. [potion of mutation]
  4217 | D:10     | Reached skill level 9 in Unarmed Combat
  4232 | D:10     | Reached ***** piety under Lugonu
  4348 | D:11     | Reached skill level 5 in Dodging
  4370 | D:11     | Noticed a manticore
  4376 | D:12     | Mangled by an unseen horror

Vault maps used:
D:1:      eino_arrival_water_cross, minmay_tiny_reverse_x
D:2:      lemuel_round_altar, elyvilon_altar_4, lemuel_round_altar, first_bread
D:3:      lemuel_round_altar, chequers_ecumenical_altar_simple_redux,
          minmay_misc_feat_iff
D:4:      eat_drink_and_be_merry_uskayaw
D:5:      bh_walls_and_bars
D:6:      bloody_trog, grunt_temple_overflow_cloverleaf, temple_doors_e,
          serial_shops, nicolae_shop_competitors_out_of_business,
          kennysheep_mini_moat, shop, shop, shop, nicolae_ossuary_entry_plus,
          uniq_grinder, uniq_sigmund, uniq_eustachio
D:7:      grunt_dithmenos_smoke_and_mirrors, lemuel_crystal_altar
D:8:      minmay_flawed_box, cheibrodos_worm_habitat, minmay_lair_entry_lava,
          uniq_erica, uniq_pikel, uniq_grum, uniq_gastronok
D:10:     orc_0_dummy, uniq_snorg
D:11:     the_bakery
Ossuary:  ossuary_due_mausoleum

Skill      XL: |  1  2  3  4  5  6  7  8  9 |
---------------+----------------------------+-----
Unarmed Combat | 1 2 4 5 6 7 8 9 |  9.1
Fighting       | 1 2 3 5 |  5.5
Dodging        | 2 3 4 5 |  5.0
Invocations    | 1 2 3 4 5 |  5.2
Stealth        | |  1.7
Spellcasting   | |  2.0
Conjurations   | |  1.0
Ice Magic      | |  3.0

Action                   |  1- 3 |  4- 6 |  7- 9 || total
-------------------------+-------+-------+-------++-------
Melee: Unarmed           |    48 |   169 |   244 ||   461
       Tailslap          |     7 |    17 |    19 ||    43
       Punch             |       |     1 |     7 ||     8
 Cast: Freeze            |    29 |    39 |       ||    68
Invok: Bend Space        |       |     1 |       ||     1
 Abil: Breathe Steam     |       |       |    25 ||    25
  Use: Potion            |     3 |     9 |     4 ||    16
       Scroll            |       |     6 |     9 ||    15
 Stab: Sleeping          |       |     4 |     2 ||     6
  Eat: Chunk             |       |     3 |     7 ||    10
       Fruit             |       |     4 |       ||     4
       Royal jelly       |       |     1 |       ||     1
Armor: Skin              |    17 |    52 |    75 ||   144
Dodge: Dodged            |    50 |   112 |   166 ||   328
